 Dungeon Crawl Stone Soup version 0.31-a0-965-g8a8ce12e04 (webtiles) character file.

Game seed: 16389337643852046363

22913 skwerlee the Severer (level 12, -17/175 HPs)
             Began as an Armataur Berserker on Oct 27, 2023.
             Was an Elder of Trog.
             Demolished by a two-headed ogre
             ... wielding a +0 giant spiked club
              (27 damage)
             ... on level 12 of the Dungeon.
             The game lasted 00:54:01 (13965 turns).

skwerlee the Severer (Armataur Berserker)          Turns: 13965, Time: 00:54:02

Health: -17/175    AC: 12    Str: 28    XL:     12   Next: 67%
Magic:  12/12      EV: 15    Int: 11    God:    Trog [****..]
Gold:   1080       SH:  0    Dex: 11    Spells: 11/11 levels left

rFire   . . .        J - melded +5 war axe (heavy)
rCold   . . .        (shield currently unavailable)
rNeg    + + +        g - melded +0 plate armour
rPois   +            h - melded +0 helmet
rElec   .            C - melded scarf {+Inv}
rCorr   .            n - melded +1 pair of gloves
SInv    .            F - melded +0 barding
Will    .....        M - amulet "Fusio" {Acrobat Int+3 Dex+2} Stlth
                     f - ring of poison resistance
HPRegen 0.49/turn    r - ring of positive energy
MPRegen 0.13/turn

%: acrobat, roll
@: confused, berserking, fungus-form, grasped by roots, fragile, constricted,
studying Armour, very quick
A: melee confuse, terrified, no casting, tiny, rugged brown scales 3, (deformed
body), (armoured tail), roll, long tongue, awkward tongue
a: Renounce Religion, Berserk, Trog's Hand, Brothers in Arms


You were on level 12 of the Dungeon.
You worshipped Trog.
Trog was greatly pleased with you.
You were a sentient fungus.
You visited 2 branches of the dungeon, and saw 13 of its levels.
You also visited: Bailey.

You collected 1241 gold pieces.
You spent 161 gold pieces at shops.

Inventory:

Hand Weapons
 d - a +1 trident of flaming
 j - a +0 broad axe
 B - a +1 longbow of flaming
 J - a +5 heavy war axe (melded)
Armour
 g - a +0 plate armour (melded)
 h - a +0 helmet (melded)
 n - a +1 pair of gloves (melded)
 C - a scarf of invisibility (melded)
 F - a +0 barding (melded)
Jewellery
 f - a ring of poison resistance (left hypha)
 o - an amulet of regeneration
 r - a ring of positive energy (right hypha)
 I - a ring of flight
 M - the amulet "Fusio" (around neck) {Acrobat Int+3 Dex+2}
   (You acquired it on level 8 of the Dungeon)

   [amulet of the acrobat]

   Acrobat:   It increases your evasion while moving and waiting.
   Int+3:     It affects your intelligence (+3).
   Dex+2:     It affects your dexterity (+2).
Talismans
 A - a beast talisman
Wands
 i - a wand of acid (3)
 p - a wand of polymorph (14)
 v - a wand of charming (20)
 y - a wand of flame (14)
Scrolls
 a - a scroll of identify
 e - 2 scrolls of butterflies
 k - 2 scrolls of silence
 l - 3 scrolls of poison
 q - 2 scrolls of fear
 u - 3 scrolls of noise
 x - a scroll of teleportation
 G - a scroll of revelation
 H - 2 scrolls of blinking
Potions
 b - 2 potions of heal wounds
 c - 4 potions of curing
 m - a potion of brilliance
 s - 2 potions of attraction
 t - 2 potions of cancellation
 w - a potion of ambrosia
 z - 2 potions of mutation
 D - 2 potions of invisibility
 E - 2 potions of resistance
 K - 2 potions of might
 L - 2 potions of haste
 O - a potion of berserk rage {unknown}
 P - a potion of magic {unknown}


   Skills:
 + Level 11.3 Fighting
 + Level 15.2 Axes
 - Level 2.4 Armour
 - Level 1.3 Dodging


You had 11 spell levels left.
You didn't know any spells.
Your spell library was empty.

Dungeon Overview and Level Annotations

Branches:
Dungeon (12/15)            Temple (0/1) D:5            Lair (1/5) D:8
 Bailey (visited)
    Orc: D:9-12

Altars:
Ashenzari
Dithmenos
Makhleb
Qazlal
Ru
Trog
Wu Jian
Xom
Yredelemnul

Shops:
D:4 (   D:6 ?

Annotations:
D:5 2 transporters, sammy202020's ghost, amateur GrBe
D:12 Jorgrun


Innate Abilities, Weirdness & Mutations

You are a sentient fungus.
You are tiny and evasive.
Your melee attack releases spores that confuse breathing creatures.
You become terrified and freeze when enemies are visible.
Your armour is entirely melded.
You are incapable of wielding weapons or throwing items.
You cannot cast spells.
(You are completely covered in rugged brown scales. (AC +3, +7% HP))
((Armour fits poorly on your strangely shaped body.))
((You have a long armoured tail.))
You roll when moving toward enemies. (Rampage)
Your long tongue fully drains potion bottles. (2x potion effects)
Your tongue gives you trouble enunciating. (1.5x scroll delay)


Message History

The great orb of eyes bites you!
The orc wizard hits you with a +0 long sword.
The two-headed ogre hits you with a +0 giant spiked club!
The two-headed ogre hits you with a +0 giant club!!
* * * LOW HITPOINT WARNING * * *
The yak gores you.
You feel less confused. Jorgrun casts a spell at you.
The grasping roots constrict you!
* * * LOW HITPOINT WARNING * * *
The great orb of eyes gazes at you.
You turn into a sentient fungus.
Your +5 heavy war axe melds into your body.
Your scarf of invisibility melds into your body.
Your +0 helmet melds into your body.
Your +1 pair of gloves melds into your body.
Your +0 barding melds into your body.
Your +0 plate armour melds into your body.
The orc wizard hits you but does no damage.
The yak gores you but does no damage.
The two-headed ogre hits you with a +0 giant spiked club!
* * * LOW HITPOINT WARNING * * *
The two-headed ogre hits you with a +0 giant club!
* * * LOW HITPOINT WARNING * * *
Jorgrun hits you with a +0 heavy quarterstaff!
* * * LOW HITPOINT WARNING * * *
The grasping roots constrict you!
* * * LOW HITPOINT WARNING * * *
The great orb of eyes bites you.
* * * LOW HITPOINT WARNING * * *
The orc wizard casts a spell at you.
You are confused.
The yak gores you but does no damage.
You turn to flesh and can move again.
You are too berserk!
The roots grasp on you weakens, but your attempt to escape fails.
The great orb of eyes bites you but does no damage.
The orc wizard barely misses you.
The two-headed ogre hits you with a +0 giant spiked club!!
You die...

........################........#
........# ### ### #........#
........# #.(#++#).# #........#
........# $#.!..#) ######'###
#.####### #.)....# #...# #..#
+......+ ## #.### ##+#
+......+...####.#### #..YgO.#
#....<....# #.ofG# ###.(.....#
#.$#''#:.# #.......# ####..#####
#.......# #.........###.......#
#....[....#.........#
#.........#.#.......#
#.........#.#.......#
............#.#.......#
###...........#.......#


You could see Jorgrun, a great orb of eyes, a two-headed ogre, a yak and an orc
wizard.

Vanquished Creatures
  Nessos (D:12)
  A hydra (D:10)
  2 vault guards (Bailey)
  A boulder beetle (D:11)
  2 two-headed ogres
  An occultist (D:10)
  Lodul (D:9)
  Amaemon (D:10)
  A manticore (D:10)
  2 ugly things
  A black mamba (Lair:1)
  An orange demon (D:10)
  2 unseen horrors
  An unseen horror zombie (D:10)
  A komodo dragon (Lair:1)
  A rime drake (D:8)
  A hornet (D:4)
  3 trolls
  Prince Ribbit (Bailey)
  3 blink frogs
  A meliai zombie (D:10)
  Sigmund (D:3)
  A shadow (D:12)
  A culicivora (shapeshifter) (D:10)
  2 vampires
  3 wraiths
  4 wyverns (D:8)
  4 humans (Bailey)
  23 yaks
  A basilisk (D:8)
  2 vampire mosquitoes (D:10)
  3 acid dragons
  4 water moccasins
  5 orc warriors
  2 ice beasts
  3 black bears (D:5)
  9 ogres
  3 centaurs
  3 kobold brigands
  2 phantoms
  19 bullfrogs
  A scorpion (D:8)
  8 wights
  3 jellies
  8 orc priests
  3 gnoll boudas (D:6)
  3 iron imps (D:3)
  A sleepcap (D:4)
  Ijyb (D:4)
  Natasha (thrice) (D:2)
  5 iguanas
  7 orc wizards
  5 adders
  23 gnolls
  A river rat (D:4)
  3 shadow imps (D:6)
  3 white imps
  2 ufetubi (D:6)
  5 worms
  2 dart slugs
  43 orcs
  6 bats
  7 endoplasms
  3 giant cockroaches
  13 goblins
  8 hobgoblins
  5 jackals
  7 quokkas
  8 ball pythons
  16 kobolds
  5 rats
332 creatures vanquished.

Notes
Turn   | Place    | Note
-------+----------+-------------------------------------------
     0 | D:1      | skwerlee the Armataur Berserker began the quest for the
                  | Orb.
     0 | D:1      | Reached XP level 1. HP: 19/19 MP: 1/1
   286 | D:1      | Reached XP level 2. HP: 26/26 MP: 2/2
   296 | D:1      | Reached skill level 3 in Axes
   315 | D:1      | Found a faded altar of an unknown god.
   667 | D:2      | Reached XP level 3. HP: 32/32 MP: 3/3
   784 | D:2      | Reached ** piety under Trog
   819 | D:2      | Noticed Natasha
   831 | D:2      | Killed Natasha
   832 | D:2      | Reached skill level 4 in Axes
   832 | D:2      | Reached XP level 4. HP: 35/39 MP: 4/4
   867 | D:2      | Noticed Natasha
   874 | D:2      | Killed Natasha
   966 | D:2      | Noticed Natasha
   979 | D:2      | Killed Natasha
  1462 | D:3      | Reached XP level 5. HP: 44/44 MP: 5/5
  1544 | D:3      | Reached skill level 5 in Axes
  1781 | D:3      | Noticed an ice beast
  1790 | D:3      | Killed an ice beast
  1791 | D:3      | Reached XP level 6. HP: 53/53 MP: 6/6
  2266 | D:3      | Noticed Sigmund
  2282 | D:3      | Killed Sigmund
  2283 | D:3      | Reached skill level 6 in Axes
  2424 | D:3      | Found a burning altar of Makhleb.
  2454 | D:3      | Reached XP level 7. HP: 60/60 MP: 7/7
  2580 | D:4      | Found Echo Mei's Weapon Emporium.
  2595 | D:4      | Noticed Ijyb
  2599 | D:4      | Killed Ijyb
  2644 | D:4      | Found a bloodstained altar of Trog.
  2671 | D:4      | Found a large runed translucent door.
  2684 | D:4      | Found a large runed translucent door.
  2998 | D:4      | Reached skill level 7 in Axes
  3395 | D:4      | Found an ornate altar of the Wu Jian Council.
  3404 | D:4      | Found a sacrificial altar of Ru.
  3425 | D:5      | Entered Level 5 of the Dungeon
  3429 | D:5      | Found a transporter.
  3467 | D:5      | Noticed a hornet
  3481 | D:4      | Killed a hornet
  3482 | D:4      | Reached XP level 8. HP: 57/70 MP: 8/8
  3613 | D:5      | Reached skill level 8 in Axes
  3666 | D:5      | Found a transporter.
  3777 | D:5      | Identified the +3 leather armour of the Transmuting Gods
                  | {Regen+ Str+5}
  4027 | D:5      | Found a staircase to the Ecumenical Temple.
  4384 | D:5      | Found a shimmering altar of Xom.
  4481 | D:5      | Noticed sammy202020's ghost (amateur GrBe)
  4582 | D:6      | Reached *** piety under Trog
  4743 | D:6      | Reached skill level 5 in Fighting
  4875 | D:5      | Reached skill level 9 in Axes
  5104 | D:6      | Reached XP level 9. HP: 70/79 MP: 9/9
  5251 | D:6      | Reached skill level 10 in Axes
  5642 | D:6      | Found Ceskath's Magic Scroll Boutique.
  5653 | D:6      | Bought a scroll of identify for 28 gold pieces
  5653 | D:6      | Bought a scroll of blinking for 105 gold pieces
  5653 | D:6      | Bought a scroll of identify for 28 gold pieces
  6254 | D:7      | Found a flagged portal.
  6263 | Bailey   | Entered a bailey
  6369 | Bailey   | Reached XP level 10. HP: 92/92 MP: 10/10
  6374 | Bailey   | Reached skill level 11 in Axes
  6439 | Bailey   | Noticed Prince Ribbit
  6439 | Bailey   | Noticed a vault guard
  6446 | Bailey   | Killed a vault guard
  6447 | Bailey   | Killed Prince Ribbit
  6533 | Bailey   | Noticed a vault guard
  6541 | Bailey   | Killed a vault guard
  6751 | D:7      | Found a broken altar of Ashenzari.
  6755 | D:7      | Reached **** piety under Trog
  6813 | D:7      | Reached skill level 12 in Axes
  7466 | D:8      | Identified 2 scrolls of acquirement
  7470 | D:8      | Acquired the amulet "Fusio" {Acrobat Int+3 Dex+2}
  7482 | D:8      | Acquired a manual of Armour
  8059 | D:8      | Found a staircase to the Lair.
  8163 | D:8      | Reached XP level 11. HP: 96/101 MP: 11/11
  8776 | Lair:1   | Entered Level 1 of the Lair of Beasts
  9157 | Lair:1   | Reached skill level 13 in Axes
  9437 | D:9      | Found a shadowy altar of Dithmenos.
  9942 | D:9      | Noticed a white ugly thing
  9948 | D:9      | Killed a white ugly thing
 10388 | D:10     | Entered Level 10 of the Dungeon
 10568 | D:10     | Noticed a two-headed ogre
 10571 | D:10     | Killed a two-headed ogre
 10653 | D:10     | Noticed Lodul
 10685 | D:9      | Killed Lodul
 10686 | D:9      | Reached skill level 10 in Fighting
 10686 | D:9      | Reached skill level 14 in Axes
 10798 | D:10     | Noticed an occultist
 10933 | D:10     | Killed an occultist
 10934 | D:10     | Reached XP level 12. HP: 104/113 MP: 12/12
 11235 | D:10     | Noticed Amaemon
 11246 | D:10     | Killed Amaemon
 11353 | D:10     | Found a basalt altar of Yredelemnul.
 11393 | D:10     | Noticed a six-headed hydra
 11451 | D:10     | Found a stormy altar of Qazlal.
 11749 | D:10     | Killed a six-headed hydra
 12481 | D:11     | Noticed a two-headed ogre
 12486 | D:11     | Killed a two-headed ogre
 12968 | D:11     | Noticed a boulder beetle
 12979 | D:11     | Killed a boulder beetle
 13255 | D:11     | Reached skill level 15 in Axes
 13454 | D:12     | Noticed Nessos
 13476 | D:12     | Killed Nessos
 13951 | D:12     | Noticed Jorgrun
 13952 | D:12     | Noticed a great orb of eyes
 13952 | D:12     | Noticed a two-headed ogre
 13965 | D:12     | Demolished by a two-headed ogre

Illustrated notes

Levels and vault maps discovered:
D:1:      psy_arrival_radial02, layout_basic, serial_forest,
          infiniplex_forest_straight_2, infiniplex_forest_lined_2,
          infiniplex_forest_end_3, infiniplex_forest_3_way,
          infiniplex_forest_lined_room_3, infiniplex_forest_clump_tiny,
          ebering_ecumenical_altar_mist
D:2:      layout_loops_ring, uniq_natasha
D:3:      layout_rooms, demons_altar, uniq_sigmund
D:4:      layout_basic, trog_butcher_becter, jmf_multi_god_temple2,
          gup_sewer_entry_spiral, serial_shops, nicolae_shop_stone,
          kennysheep_small_spiral, uniq_ijyb
D:5:      layout_rooms, tgw_xom, minmay_temple_entry_wispy,
          gammafunk_ghost_mausoleum
D:6:      layout_rooms, serial_shops, nicolae_shop_advertising_works
          [nicolae_subvault_shop_adworks], hex_medium
D:7:      layout_loops_ring, mainiacjoe_overflow_six_doors_small, enter_bailey_8
D:8:      layout_basic, minmay_lair_entry_grove
D:9:      layout_rooms, lemuel_round_altar, corexii_leaking_fountain,
          chequers_jeans
D:10:     layout_basic, lemuel_zombie_altar_yredelemnul,
          mainiacjoe_overflow_paths, kb_rosetta, uniq_lodul, uniq_amaemon
D:11:     layout_loops_ring, minmay_misc_feat_tower
D:12:     layout_roguey, orc_david_3, trove_entry_hex_spiral,
          lightli_fourway_metalbox, uniq_jorgrun, uniq_nessos
Lair:1:   layout_chaotic_city, lemuel_fruit_tree, lemuel_fruit_fields,
          infiniplex_staircase_pool, lemuel_fruit_fields

Skill      XL: |  1  2  3  4  5  6  7  8  9 10 11 12 |
---------------+-------------------------------------+-----
Axes           | 3 4 5 6 7 9 10 12 14 15 | 15.2
Fighting       | 3 5 7 8 10 11 | 11.3
Armour         | |  2.4
Dodging        | |  1.3

Action                     |  1- 3 |  4- 6 |  7- 9 | 10-12 || total
---------------------------+-------+-------+-------+-------++-------
  Melee: Hand axe          |    58 |   113 |   330 |       ||   501
         Tailslap          |     6 |     4 |    41 |    47 ||    98
         Punch             |       |       |     3 |     3 ||     6
         War axe           |       |       |    14 |   337 ||   351
         Trident           |       |       |       |     5 ||     5
 Invoke: Berserk           |     1 |     8 |    18 |    20 ||    47
         Trog's Hand       |       |     1 |       |     5 ||     6
  Evoke: Wand              |       |       |       |    16 ||    16
    Use: Scroll            |       |     2 |    10 |    19 ||    31
         Potion            |       |       |       |     4 ||     4
   Stab: Distracted        |       |       |       |     1 ||     1
 Armour: Animal skin       |     6 |       |       |       ||     6
         Plate armour      |    39 |    83 |   258 |   460 ||   840
         Skin              |       |       |       |     9 ||     9
  Dodge: Dodged            |    16 |    26 |    66 |   137 ||   245

Table legend: (Time is in decaauts)
 A = Elapsed time spent in this place.
 B = Non-inter-level travel time spent in this place.
 C = Inter-level travel time spent in this place.
 D = Time resting spent in this place.
 E = Time spent auto-exploring this place.
 F = Levels seen in this place.
 G = Mean time per level.
                   A        B        C        D        E       F      G
               +--------+--------+--------+--------+--------+-----+--------+
         Total |  14483 |  14181 |    302 |   5580 |   6011 |  14 | 1034.5 |
       Dungeon |  13918 |  13617 |    301 |   5341 |   5909 |  12 | 1159.8 |
          Lair |    166 |    166 |      0 |     18 |     63 |   1 |  166.0 |
        Bailey |    398 |    398 |      0 |    220 |     39 |   1 |  398.0 |
               +--------+--------+--------+--------+--------+-----+--------+

Top non-repeatable levels by time:
     D:8: 2237 daAuts
    D:10: 1692 daAuts
     D:5: 1430 daAuts
     D:9: 1310 daAuts
     D:6: 1298 daAuts
    D:11: 1056 daAuts
     D:3: 1049 daAuts
     D:2: 975 daAuts
     D:4: 974 daAuts
     D:7: 680 daAuts
     D:1: 631 daAuts
    D:12: 581 daAuts
  Bailey: 398 daAuts
  Lair:1: 166 daAuts
